 Dungeon Crawl Stone Soup version 0.29.1-15-g9cfb28693d (webtiles) character file.

Game seed: 11620279847968145103

10069 fleeber the Skirmisher (level 11, -30/89 HPs)
             Began as a Barachi Hunter on Mar 19, 2023.
             Was an Elder of Cheibriados.
             Annihilated by a boulder beetle (52 damage)
             ... on level 11 of the Dungeon.
             The game lasted 00:36:14 (12790 turns).

fleeber the Skirmisher (Barachi Hunter)            Turns: 12790, Time: 00:36:14

Health: -30/89     AC:  9    Str: 22    XL:     11   Next: 56%
Magic:  15/15      EV: 21    Int: 23    God:    Cheibriados [****..]
Gold:   648        SH:  0    Dex: 33    Spells: 10/10 levels left

rFire   + . .      SeeInvis .   a - +1 shortbow
rCold   + . .      Faith    .   (shield currently unavailable)
rNeg    . . .      Spirit   .   H - +0 ring mail {Will+}
rPois   .          Reflect  .   p - +0 helmet
rElec   .          Harm     .   f - +0 cloak
rCorr   .          Rampage  .   D - +0 pair of gloves
Will    ++...                   n - +0 pair of boots
Stlth   +++.......              (no amulet)
HPRegen 0.24/turn               I - ring "Mugheor" {rF+ Will+ Int+4 Dex+2}
MPRegen 0.14/turn               w - ring of protection from cold

@: studying Long Blades, very slow
A: amphibious, slowness 1, strong legs 1, +LOS
a: Hop, Renounce Religion, Bend Time, Temporal Distortion, Slouch


You were on level 11 of the Dungeon.
You worshipped Cheibriados.
Cheibriados was greatly pleased with you.
You visited 1 branch of the dungeon, and saw 11 of its levels.

You collected 648 gold pieces.

Inventory:

Hand Weapons
 a - a +1 shortbow (weapon)
Missiles
 A - a throwing net
Armour
 f - a +0 cloak (worn)
 n - a +0 pair of boots (worn)
 o - the +4 scale mail "Ryniekhlo" {rC+ SInv}
   (You found it on level 3 of the Dungeon)

   rC:        It protects you from cold.
   SInv:      It lets you see invisible.
 p - a +0 helmet (worn)
 D - a +0 pair of gloves (worn)
 H - a +0 ring mail of willpower (worn)
Jewellery
 w - a ring of protection from cold (right hand)
 I - the ring "Mugheor" (left hand) {rF+ Will+ Int+4 Dex+2}
   (You found it on level 9 of the Dungeon)

   [ring of willpower]

   Int:       It affects your intelligence (+4).
   Dex:       It affects your dexterity (+2).
   rF:        It protects you from fire.
   Will:      It increases your willpower.
 L - a +4 ring of protection
Wands
 h - a wand of paralysis (6)
 v - a wand of polymorph (19)
 E - a wand of roots (4)
 F - a wand of flame (20)
 G - a wand of digging (7)
Scrolls
 b - 3 scrolls of immolation
 c - 2 scrolls of butterflies
 g - 5 scrolls of poison
 i - a scroll of torment {unknown}
 k - 2 scrolls of noise {unknown}
 l - 4 scrolls of teleportation
 q - a scroll of enchant armour {unknown}
 s - a scroll of blinking {unknown}
 x - 2 scrolls of vulnerability
 y - 2 scrolls of enchant weapon
 K - a scroll of identify
 N - a scroll of magic mapping {unknown}
Potions
 d - 5 potions of curing
 e - 5 potions of heal wounds
 j - 5 potions of flight
 m - a potion of mutation {unknown}
 t - a potion of magic {unknown}
 u - a potion of brilliance {unknown}
 z - 2 potions of degeneration {unknown}
 B - a potion of invisibility {unknown}
 C - a potion of resistance {unknown}
 J - 2 potions of berserk rage {unknown}
 M - a potion of lignification {unknown}
Miscellaneous
 r - a lightning rod (1/4)


   Skills:
 + Level 9.5 Fighting
 * Level 11.7 Ranged Weapons
 + Level 8.9 Dodging
 - Level 3.4 Stealth
 + Level 6.5 Invocations
 - Level 4.0 Evocations


You had 10 spell levels left.
You didn't know any spells.
Your spell library contained the following spells:

 Spells                   Type           Power      Damage    Failure   Level
 Summon Small Mammal      Summ           0%         N/A       26%         1
 Poisonous Vapours        Pois/Air       0%         N/A       36%         2
 Call Canine Familiar     Summ           0%         N/A       58%         3
 Dazzling Flash           Conj/Hex       0%         N/A       58%         3
 Summon Guardian Golem    Hex/Summ       0%         N/A       58%         3
 Corpse Rot               Necr/Pois/Air  0%         N/A       94%         4
 Agony                    Necr           0%         N/A       100%        5
 Silence                  Hex/Air        0%         N/A       100%        5
 Malign Gateway           Summ/Tloc      0%         N/A       100%        7
 Summon Horrible Things   Summ           0%         N/A       100%        8


Dungeon Overview and Level Annotations

Branches:
Dungeon (11/15)            Temple (0/1) D:7            Lair (0/5) D:11
    Orc (0/2) D:10

Altars:
Cheibriados
Fedhas
Makhleb
Okawaru
Qazlal
Ru
Sif Muna
Trog
Vehumet
Xom
Yredelemnul
The Shining One

Shops:
D:4 *   D:7 =

Annotations:
D:3 Sigmund
D:7 2 runed translucent doors
D:9 4 transporters


Innate Abilities, Weirdness & Mutations

You are amphibious.
You cover ground slowly.
You can hop short distances.
You have an extended range of vision and can be seen from far away.


Message History

You are ready to hop once more.
You start resting.
HP restored.
A boulder beetle is nearby!
You shoot an arrow.
The arrow hits the boulder beetle but does no damage.
The boulder beetle curls into a ball and begins rolling!
You shoot an arrow. The arrow hits the boulder beetle!
The boulder beetle is lightly wounded.
You shoot an arrow.
The arrow hits the boulder beetle but does no damage.
The boulder beetle is lightly wounded.
You shoot an arrow.
The arrow hits the boulder beetle but does no damage.
The boulder beetle is lightly wounded.
The boulder beetle hits you!!!
Ouch! That really hurt!
The boulder beetle stops rolling and uncurls.
The boulder beetle bites you!
* * * LOW HITPOINT WARNING * * *
Hop to where?
Press: ? - help, Dir - move target, p - boulder beetle Boing!
As you read the scroll of teleportation, it crumbles to dust.
You feel strangely unstable.
The boulder beetle attacks as you move away!
The boulder beetle bites you!
* * * LOW HITPOINT WARNING * * *
Your surroundings suddenly seem different.
You start resting.
You are ready to hop once more.
You start resting.
A boulder beetle is nearby!
The boulder beetle curls into a ball and begins rolling!
Hop to where?
Press: ? - help, Dir - move target, f - you
Okay, then.
The boulder beetle hits you!!!
Ouch! That really hurt!
You die...

#...#####..........[.#..#)).
#.##.....>...)...))##...
##.............#...####..
#..................# #..
#######....°..#....# #..
#....°..#....# ##.
##..○..####..# ##. ##B..##
#..# #.. #@..## ##.## #..
##### #..###.. ##.# #..##...
#.### ####......
##.#.####........[
##.#..#...#........
#..#......#....#...
#####.....#...##...
#...##....#.###...


You could see a boulder beetle (rolling).

Vanquished Creatures
  Erica (D:9)
  A two-headed ogre (D:7)
  Pikel (D:8)
  Joseph (D:10)
  Maggie (D:8)
  An unseen horror (D:6)
  3 trolls
  A wyvern (D:7)
  A wraith (D:10)
  Eustachio (D:6)
  4 yaks (D:9)
  3 wargs (D:11)
  3 vampire mosquitoes (D:9)
  4 acid dragons
  4 water moccasins
  4 ice beasts
  2 black bears
  4 orc warriors (D:10)
  A sky beast (D:7)
  3 ogres
  4 centaurs
  8 bullfrogs
  5 gnoll sergeants
  7 kobold brigands
  3 necrophages
  A scorpion (D:7)
  4 wights (D:7)
  3 howler monkeys (D:10)
  2 electric eels (D:8)
  4 hounds
  4 jellies
  5 orc priests
  An iguana (D:5)
  4 orc wizards
  5 adders
  17 gnolls
  A shadow imp (D:6)
  4 white imps
  3 worms
  3 dart slugs
  22 orcs
  7 ball pythons
  9 bats
  5 endoplasms
  5 giant cockroaches
  11 goblins
  6 hobgoblins
  8 jackals
  15 kobolds
  5 quokkas
  A frilled lizard (D:3)
  7 rats
233 creatures vanquished.

Notes
Turn   | Place    | Note
-------+----------+-------------------------------------------
     0 | D:1      | fleeber the Barachi Hunter began the quest for the Orb.
     0 | D:1      | Reached XP level 1. HP: 17/17 MP: 1/1
    28 | D:1      | Reached skill level 1 in Stealth
    42 | D:1      | Reached XP level 2. HP: 11/23 MP: 2/2
   312 | D:1      | Reached XP level 3. HP: 26/28 MP: 3/3
  1173 | D:1      | Found a faded altar of an unknown god.
  1407 | D:2      | Reached XP level 4. HP: 35/35 MP: 4/4
  2117 | D:3      | Noticed Sigmund
  2163 | D:3      | Reached XP level 5. HP: 41/41 MP: 5/5
  2194 | D:3      | Reached skill level 5 in Ranged Weapons
  2430 | D:3      | Identified the +4 scale mail "Ryniekhlo" {rC+ SInv}
  3228 | D:4      | Found Zucaunk's Overcharged Wands.
  3396 | D:4      | Found a shimmering altar of Xom.
  3401 | D:4      | Found a snail-covered altar of Cheibriados.
  3406 | D:4      | Became a worshipper of Cheibriados the Contemplative
  3505 | D:4      | Reached XP level 6. HP: 39/48 MP: 6/6
  3658 | D:5      | Entered Level 5 of the Dungeon
  4163 | D:5      | Found a radiant altar of Vehumet.
  4241 | D:5      | Reached skill level 1 in Invocations
  4246 | D:4      | HP: 2/48 [orc priest/divine providence (12)]
  4252 | D:4      | Reached XP level 7. HP: 4/55 MP: 7/7
  4555 | D:5      | Reached skill level 6 in Ranged Weapons
  4674 | D:5      | Found a stormy altar of Qazlal.
  4675 | D:5      | Found a blossoming altar of Fedhas.
  5085 | D:6      | Reached * piety under Cheibriados
  5173 | D:6      | Noticed an unseen horror
  5188 | D:6      | Killed an unseen horror
  5189 | D:6      | Reached skill level 5 in Fighting
  5189 | D:6      | Reached skill level 1 in Evocations
  5189 | D:6      | Reached XP level 8. HP: 53/62 MP: 9/9
  5295 | D:6      | Reached skill level 7 in Ranged Weapons
  5348 | D:6      | Noticed Eustachio
  5364 | D:6      | Killed Eustachio
  5365 | D:6      | Reached skill level 5 in Dodging
  5781 | D:6      | Found a burning altar of Makhleb.
  6118 | D:7      | Reached XP level 9. HP: 69/69 MP: 11/11
  6138 | D:7      | Reached ** piety under Cheibriados
  6198 | D:7      | Found a bloodstained altar of Trog.
  6220 | D:7      | Reached skill level 8 in Ranged Weapons
  6313 | D:7      | Found a sacrificial altar of Ru.
  6483 | D:7      | Found a staircase to the Ecumenical Temple.
  6583 | D:7      | Found a large runed translucent door.
  6583 | D:7      | Found a large runed translucent door.
  6614 | D:7      | Found an iron altar of Okawaru.
  6673 | D:7      | Reached *** piety under Cheibriados
  6676 | D:7      | Reached skill level 9 in Ranged Weapons
  7004 | D:7      | Identified the +3 scale mail of the Wasteland {Rampage rC-
                  | Str+8 Int-5}
  7304 | D:7      | Found Puliv's Jewellery Shop.
  7469 | D:7      | Reached XP level 10. HP: 79/79 MP: 13/13
  7577 | D:8      | Noticed a two-headed ogre
  7589 | D:7      | Killed a two-headed ogre
  8139 | D:8      | Noticed Pikel
  8151 | D:8      | Killed Pikel
  8152 | D:8      | Reached skill level 10 in Ranged Weapons
  8152 | D:8      | Reached skill level 5 in Invocations
  8370 | D:8      | Noticed Maggie
  8389 | D:8      | Killed Maggie
  8998 | D:9      | Found a glowing golden altar of the Shining One.
  9413 | D:9      | Found a transporter.
  9645 | D:9      | Found a transporter.
  9660 | D:9      | Found a transporter.
  9665 | D:9      | Noticed Erica
  9674 | D:9      | Killed Erica
  9675 | D:9      | Reached XP level 11. HP: 87/87 MP: 15/15
  9706 | D:9      | Identified the ring "Mugheor" {rF+ Will+ Int+4 Dex+2}
  9732 | D:9      | Reached skill level 11 in Ranged Weapons
 10107 | D:9      | Found a shimmering blue altar of Sif Muna.
 10142 | D:9      | Found a transporter.
 10328 | D:10     | Entered Level 10 of the Dungeon
 10444 | D:10     | Noticed Joseph
 10454 | D:10     | Killed Joseph
 10585 | D:10     | Reached **** piety under Cheibriados
 11428 | D:10     | Found a staircase to the Orcish Mines.
 11648 | D:10     | Found a basalt altar of Yredelemnul.
 12303 | D:11     | Found a staircase to the Lair.
 12365 | D:11     | Noticed a boulder beetle
 12369 | D:11     | Noticed a four-headed hydra
 12790 | D:11     | Annihilated by a boulder beetle

Illustrated notes

Levels and vault maps discovered:
D:1:      psy_arrival_radial01, layout_basic,
          shapermc_ecumenical_altar_mp_vishouse
D:2:      layout_basic
D:3:      layout_loops_cross, uniq_sigmund
D:4:      layout_loops_cross, minitemple, minmay_misc_feat_alley,
          nicolae_shop_overcharged_wands
D:5:      layout_loops_cross, nicolae_overflow_hidden_temple
D:6:      layout_basic, mainiacjoe_overflow_brackets, kennysheep_another_room,
          chequers_mini_garden, uniq_eustachio
D:7:      layout_basic, nicolae_ru_path_of_blood, lemuel_crystal_altar,
          nicolae_overflow_crystal_walls, jmf_multi_god_temple2,
          minmay_temple_entry_arrows, enter_bailey_5, serial_shops,
          kennysheep_mini, minmay_manual_moon
D:8:      layout_loops_ring, kennysheep_donut, uniq_pikel, uniq_maggie
D:9:      layout_irregular_city, tso_oasis_becter,
          nicolae_sif_muna_condensation, chequers_avenue,
          nicolae_transporter_intersection, uniq_erica
D:10:     layout_roguey, mainiacjoe_overflow_alcove_1,
          kennysheep_orc_monster_closet_entryway, uniq_joseph
D:11:     layout_layer_cave, erik_lair_orcish_takeover

Skill      XL: |  1  2  3  4  5  6  7  8  9 10 11 |
---------------+----------------------------------+-----
Stealth        | 1 2 3 |  3.4
Fighting       | 3 4 5 7 8 9 |  9.5
Dodging        | 3 4 5 6 8 |  8.9
Ranged Weapons | 5 6 7 9 10 11 | 11.7
Invocations    | 1 2 3 4 5 6 |  6.5
Evocations     | 1 3 4 |  4.0

Action                   |  1- 3 |  4- 6 |  7- 9 | 10-12 || total
-------------------------+-------+-------+-------+-------++-------
Melee: Shortbow          |       |       |       |     1 ||     1
 Fire: Shortbow          |    95 |   190 |   309 |   425 ||  1019
 Abil: Hop               |       |     1 |       |     9 ||    10
Evoke: Wand              |       |       |     5 |     6 ||    11
       Lightning rod     |       |       |       |     3 ||     3
  Use: Scroll            |       |       |     6 |     6 ||    12
       Potion            |       |       |       |     1 ||     1
Armor: Leather armour    |    17 |     4 |       |       ||    21
       Scale mail        |       |    82 |   117 |    17 ||   216
       Ring mail         |       |       |       |    56 ||    56
Dodge: Dodged            |    48 |    88 |   134 |   227 ||   497
